 Dungeon Crawl Stone Soup version 0.29.0-4-gdea44cf6ec (webtiles) character file.

Game seed: 14763410149680860979

37 qw the Chopper (level 3, 0/21 HPs)
             Began as a Tengu Warper on Aug 28, 2022.
             Succumbed to their own poison gas
             ... on level 1 of the Dungeon.
             The game lasted 00:00:04 (873 turns).

qw the Chopper (Tengu Warper)                        Turns: 873, Time: 00:00:05

Health: 0/21       AC:  3    Str: 13    XL:     3   Next: 39%
Magic:  7/7        EV: 12    Int: 13    God:
Gold:   26         SH:  0    Dex: 13    Spells: 6/6 levels left

rFire   . . .      SeeInvis .   Y - +0 hand axe
rCold   . . .      Faith    .   (no shield)
rNeg    . . .      Spirit   .   b - +0 leather armour
rPois   .          Reflect  .   (helmet restricted)
rElec   .          Harm     .   (no cloak)
rCorr   .          Rampage  .   (no gloves)
Will    .....                   (boots unavailable)
Stlth   +.........              (no amulet)
HPRegen 0.07/turn               (no ring)
MPRegen 0.10/turn               (no ring)

@: lethally poisoned (0 -> -15)
A: beak, talons 3
a: no special abilities


You were on level 1 of the Dungeon.
You visited 1 branch of the dungeon, and saw 1 of its levels.

You collected 26 gold pieces.


Innate Abilities, Weirdness & Mutations

You have a beak for a mouth.
You have claws for feet.


   Skills:
 - Level 2.0 Fighting
 + Level 4.1 Axes
 - Level 1.0 Throwing
 - Level 1.1 Armour
 - Level 2.1 Dodging
 - Level 2.0 Spellcasting
 - Level 2.4 Translocations


You had 6 spell levels left.
You didn't know any spells.
Your spell library contained the following spells:

 Spells                   Type           Power      Damage    Failure   Level
 Blink                    Tloc           14%        N/A       19%         2
 Gell's Gravitas          Tloc           7%         N/A       36%         3
 Lesser Beckoning         Tloc           7%         N/A       36%         3
 Teleport Other           Tloc           7%         N/A       36%         3
 Manifold Assault         Tloc           7%         N/A       98%         5

Inventory:

Hand Weapons
 i - a +0 club
 Y - a +0 hand axe (weapon)
Missiles
 e - a boomerang (quivered)
Armour
 b - a +0 leather armour (worn)
Scrolls
 f - a scroll of identify
Potions
 h - a potion of might {unknown}

Dungeon Overview and Level Annotations

Branches:
Dungeon (1/15)

Altars:


Message History

You throw a boomerang.
The boomerang closely misses the quokka.
You barely miss the quokka. You claw the quokka.
You kill the quokka!
Done exploring.
Done exploring.
865 ||| READING scroll labelled ONNYFREDAO.
As you read the scroll labelled ONNYFREDAO, it crumbles to dust.
You feel strangely unstable.
It was a scroll of teleportation.
You start waiting.
Your surroundings suddenly seem different.
Done exploring.
868 ||| READING 2 scrolls labelled ZEMEAXT VUBUR.
As you read the scroll labelled ZEMEAXT VUBUR, it crumbles to dust.
It is a scroll of identify.
Really abort (and waste the scroll)?
Done exploring.
869 ||| READING scroll labelled BOCUQIJ ZIXTUA.
The air fills with toxic fumes!
As you read the scroll labelled BOCUQIJ ZIXTUA, it crumbles to dust.
It was a scroll of poison.
Done exploring.
870 ||| DROPPING scroll of blinking.
You drop a scroll of blinking.
Done exploring.
(D) Dungeon
Where to? (* - list waypoints, ? - help)
What level of the Dungeon? (default 1, ? - help) Sorry, I don't know how to get there.
Done exploring.
871 ||| Stepping randomly (stuck).
Really walk into that cloud of poison gas?
You are engulfed in poison gas.
You are lethally poisoned!
You feel very sick.
You see here a +0 short sword.
872 ||| Stepping ~*~*~tactically~*~*~ (cloud).
You feel very sick.
You see here a scroll of blinking.
There is a lethal amount of poison in your body!
You die...

#.............8..##....7
###P~~~.~~~P...).##...7.
###~~.~~##.7.7.##)...7
##~.~####....##..... #P.P#
#######..... ##.##########....^%
#...¤¤....##.....#
###¤#####.##...#..
#######@¤¤#####.##.....# ######
#¤¤¤¤¤¤¤¤¤¤¤¤¤¤.....#.## .....#
#¤#####¤#######.##.##.#
###..#####%####¤#.######.##.##.#
###..........#.###.%.....##.##.#
...(...##.##..## ##.........##.#
.##.##..)...##.###....########.#
.##.##..#.#.###.#...#..........#
...#......#.# ##.##...##########


There were no monsters in sight!

Vanquished Creatures
  A gnoll (D:1)
  3 ball pythons (D:1)
  2 endoplasms (D:1)
  A goblin (D:1)
  5 hobgoblins (D:1)
  2 kobolds (D:1)
  4 quokkas (D:1)
  A bat (D:1)
  5 frilled lizards (D:1)
24 creatures vanquished.

Notes
Turn   | Place    | Note
-------+----------+-------------------------------------------
     0 | D:1      | qw the Tengu Warper began the quest for the Orb.
     0 | D:1      | Reached XP level 1. HP: 12/12 MP: 4/4
     0 | D:1      | 0 ||| qw: Version: 0.1-a-89-g26bdef1
     0 | D:1      | 0 ||| qw: Game counter: 329
     0 | D:1      | 0 ||| qw: Always use a shield: true
     0 | D:1      | 0 ||| qw: God list: Okawaru
     0 | D:1      | 0 ||| qw: Allow faded altars: false
     0 | D:1      | 0 ||| qw: Do Orc after D:15 true
     0 | D:1      | 0 ||| qw: Do second Lair branch before Depths: true
     0 | D:1      | 0 ||| qw: Lair rune preference: random
     0 | D:1      | 0 ||| qw: Plans: Normal
     0 | D:1      | 0 ||| PLANNING D:1-11
   223 | D:1      | Reached skill level 3 in Axes
   223 | D:1      | Reached XP level 2. HP: 9/17 MP: 6/6
   529 | D:1      | 529 ||| Stepping ~*~*~tactically~*~*~ (stealth).
   545 | D:1      | 545 ||| Stepping ~*~*~tactically~*~*~ (stealth).
   546 | D:1      | 546 ||| Stepping ~*~*~tactically~*~*~ (stealth).
   616 | D:1      | Reached XP level 3. HP: 21/21 MP: 7/7
   662 | D:1      | 662 ||| Stepping ~*~*~tactically~*~*~ (stealth).
   669 | D:1      | 669 ||| Stepping ~*~*~tactically~*~*~ (stealth).
   671 | D:1      | 671 ||| Stepping ~*~*~tactically~*~*~ (stealth).
   674 | D:1      | Reached skill level 4 in Axes
   734 | D:1      | 734 ||| Stepping ~*~*~tactically~*~*~ (stealth).
   805 | D:1      | 805 ||| Stepping ~*~*~tactically~*~*~ (stealth).
   865 | D:1      | 865 ||| READING scroll labelled ONNYFREDAO.
   868 | D:1      | 868 ||| READING 2 scrolls labelled ZEMEAXT VUBUR.
   869 | D:1      | 869 ||| READING scroll labelled BOCUQIJ ZIXTUA.
   870 | D:1      | 870 ||| DROPPING scroll of blinking.
   871 | D:1      | 871 ||| Stepping randomly (stuck).
   872 | D:1      | 872 ||| Stepping ~*~*~tactically~*~*~ (cloud).
   872 | D:1      | HP: 4/21 [poisoned by you (poison gas)]
   873 | D:1      | Succumbed to their own poison gas

Levels and vault maps discovered:
D:1:      amcnicky_arrival_flooded_fountain, layout_loops_ring, chequers_garden,
          dreamdust_princess_bridge, minmay_pentomino_r2

Skill      XL: |  1  2  3 |
---------------+----------+-----
Axes           | 3 4 |  4.1
Fighting       | |  2.0
Throwing       | |  1.0
Armour         | |  1.1
Dodging        | |  2.1
Spellcasting   | |  2.0
Translocations | |  2.4

Action                   || total
-------------------------++-------
Melee: Hand axe          ||    29
       Kick              ||     8
       Peck              ||     5
Throw: Boomerang         ||    37
  Use: Scroll            ||     3
 Stab: Distracted        ||     1
Armor: Leather armour    ||     2
Dodge: Dodged            ||    13

Table legend:
 A = Non-vault XP
 B = Vault XP
 C = Vault XP percentage of total XP
 D = Non-vault monster count
 E = Vault monster count
 F = Vault count percentage of total count
                 A         B        C        D         E       F
            +---------+---------+-------+---------+---------+-------
      Total |      49 |       4 |   7.5 |      22 |       2 |   8.3
            +---------+---------+-------+---------+---------+-------
        D:1 |      49 |       4 |   7.5 |      22 |       2 |   8.3
            +---------+---------+-------+---------+---------+-------
